 Dungeon Crawl Stone Soup version 0.28-a0-938-gbc3f381ebc (webtiles) character file.

Game seed: 14616563681323481576

163 fragbeetle the Ruffian (level 5, -1/44 HPs)
             Began as a Naga Transmuter on Nov 30, 2021.
             Slain by Grinder (6 damage)
             ... on level 4 of the Dungeon.
             The game lasted 00:16:37 (3675 turns).

fragbeetle the Ruffian (Naga Transmuter)            Turns: 3675, Time: 00:16:37

Health: -1/44      AC:  3    Str: 13    XL:     5   Next: 44%
Magic:  0/9        EV:  9    Int: 14    God:
Gold:   130        SH:  0    Dex: 11    Spells: 7/10 levels left

rFire   . . .      SeeInvis +   r - +2 whip (venom)
rCold   . . .      Faith    .   (no shield)
rNeg    . . .      Spirit   +   p - +0 leather armour
rPois   +          Reflect  .   (helmet currently unavailable)
rElec   .          Harm     .   (no cloak)
rCorr   .          Rampage  .   (no gloves)
Will    .....                   (no barding)
Stlth   +.........              k - amulet of guardian spirit
HPRegen 0.14/turn               (no ring)
MPRegen 0.11/turn               (no ring)

@: appendages (expiring), very slow
A: horns 2, AC +1, large, see invisible, deformed body, poison resistance,
slowness 2, spit poison 1, naga tail 1
a: Spit Poison, End Transformation


You were on level 4 of the Dungeon.
You had temporarily grown beastly horns.
You visited 1 branch of the dungeon, and saw 4 of its levels.

You collected 130 gold pieces.

Inventory:

Hand Weapons
 c - a +0 spear
 h - a +0 dagger
 r - a +2 whip of venom (weapon)
Missiles
 b - 11 bolts
 d - 150 stones
 n - 8 poisoned darts
Armour
 a - a +0 robe
 f - a scarf of harm
 o - a +0 ring mail
 p - a +0 leather armour (worn)
Jewellery
 k - an amulet of guardian spirit (around neck)
Scrolls
 e - 3 scrolls of identify
 i - a scroll of torment {unknown}
 l - a scroll of noise {unknown}
 q - a scroll of silence {unknown}
 s - a scroll of enchant weapon {unknown}
Potions
 j - a potion of attraction
 m - a potion of mutation


   Skills:
 + Level 1.5 Fighting
 + Level 0.9 Armour
 + Level 1.8 Dodging
 + Level 0.5 Stealth
 + Level 4.0 Unarmed Combat
 + Level 3.2 Spellcasting
 + Level 2.9 Transmutations


You had 7 spell levels left.
You knew the following spells:

 Your Spells              Type           Power      Damage    Failure   Level
a - Beastly Appendage     Tmut           20%        N/A       8%          1
b - Wereblood             Tmut           10%        N/A       12%         2

Your spell library contained the following spells:

 Spells                   Type           Power      Damage    Failure   Level
 Spider Form              Tmut/Pois      6%         N/A       41%         3
 Ice Form                 Ice/Tmut       6%         N/A       82%         4


Dungeon Overview and Level Annotations

Branches:
Dungeon (4/15)
 Temple: D:4-7

Altars:

Annotations:
D:4 Grinder


Innate Abilities, Weirdness & Mutations

You have temporarily grown beastly horns.
Your serpentine skin is tough. (AC +1)
You have supernaturally acute eyesight. (SInv)
Armour fits poorly on your strangely shaped body.
Your system is resistant to poisons. (rPois)
You cover ground very slowly.
You can spit poison.
You have a snake-like lower body.


Message History

You start resting.
Your primal bloodlust has ended.
You start resting.
Magic restored.
You start resting.
HP restored.
Found an escape hatch in the floor.
There is an escape hatch in the floor here.
Found a scroll labelled DUNKYA QIVVIOT.
s - a scroll labelled DUNKYA QIVVIOT Grinder comes into view.
Grinder shouts!
Grinder says, "What is the universe for?"
Casting: Wereblood (safe; 12% risk of failure)
Confirm with . or Enter, or press ? or * to list all spells.
You grow a pair of large bovine horns.
Grinder hits you.
You writhe in agony.
You hit Grinder.
Grinder is lightly wounded.
Grinder blinks!
Grinder gestures at you.
You suddenly lose the ability to move!
Grinder says, "Tell me all your secrets, or I'll kill you."
Grinder hits you.
You writhe in agony.
Your transformation is almost over.
Grinder gestures at you.
You shrug off the repeated paralysis!
Grinder hits you!
You writhe in agony.
You can move again.
You hit Grinder.
Grinder is lightly wounded.
Grinder hits you!
You writhe in agony.
You hit Grinder.
Grinder is moderately wounded.
Grinder hits you.
* * * LOW HITPOINT WARNING * * *
You writhe in agony.
* * * LOW HITPOINT WARNING * * *
As you read the scroll labelled MOATHR CEUCS, it crumbles to dust.
The scroll dissolves into smoke.
It was a scroll of fog.
Grinder hits you!
You die...

#######.#.# #.#.#
#.#.# ####.#.#
#.#.# #....#.#
#..#####.####.#
#........# #.#
#.##.###.# #.#
...##.# #.####<#
######.###§#§##.#
#....§§@§§.#
#.#####5#### #..#
§## #.## #. #. #.
#. #. .. .. # ##


You could see Grinder.

Vanquished Creatures
  2 hounds
  3 adders
  3 worms
  A dart slug (D:1)
  An orc (D:3)
  4 endoplasms
  5 giant cockroaches
  4 goblins
  9 hobgoblins
  8 kobolds
  2 quokkas
  5 ball pythons
  6 bats
  8 frilled lizards
  6 rats
67 creatures vanquished.

Notes
Turn   | Place    | Note
-------+----------+-------------------------------------------
     0 | D:1      | fragbeetle the Naga Transmuter began the quest for the Orb.
     0 | D:1      | Reached XP level 1. HP: 18/18 MP: 3/3
   379 | D:1      | Reached XP level 2. HP: 21/25 MP: 3/5
   393 | D:1      | Learned a level 2 spell: Wereblood
   467 | D:1      | Found a faded altar of an unknown god.
   779 | D:1      | Reached XP level 3. HP: 23/31 MP: 4/6
  1848 | D:2      | Reached XP level 4. HP: 8/38 MP: 3/8
  2937 | D:3      | Reached skill level 4 in Unarmed Combat
  3055 | D:3      | Reached XP level 5. HP: 36/44 MP: 6/9
  3663 | D:4      | Noticed Grinder
  3667 | D:4      | Paralysed by Grinder for 6 turns
  3675 | D:4      | Slain by Grinder

Illustrated notes

Levels and vault maps discovered:
D:1:      onia_arrival_mini_maze_b, layout_basic, basic_ecumenical_altar
D:2:      layout_loops_ring
D:3:      layout_rooms
D:4:      kennysheep_six_static_rooms, layout_loops_ring,
          minmay_misc_feat_encased, guppyfry_shop_venom, uniq_eustachio,
          uniq_grinder

Skill      XL: |  1  2  3  4  5 |
---------------+----------------+-----
Unarmed Combat | 4 |  4.0
Spellcasting   | 3 |  3.2
Fighting       | |  1.5
Armour         | |  0.9
Dodging        | |  1.8
Stealth        | |  0.5
Transmutations | |  2.9

Action                   |  1- 3 |  4- 6 || total
-------------------------+-------+-------++-------
Melee: Unarmed           |   138 |    77 ||   215
       Headbutt          |    15 |     8 ||    23
       Punch             |     2 |     1 ||     3
       Whip              |       |    29 ||    29
 Cast: Beastly Appendage |    25 |    20 ||    45
       Wereblood         |     1 |     2 ||     3
 Abil: Spit Poison       |     6 |     1 ||     7
  Use: Scroll            |       |     3 ||     3
       Potion            |       |     1 ||     1
Armor: Robe              |    27 |       ||    27
       Ring mail         |       |    12 ||    12
       Chain mail        |       |     9 ||     9
       Leather armour    |       |     9 ||     9
Dodge: Dodged            |    67 |    53 ||   120

Table legend: (Time is in decaauts)
 A = Elapsed time spent in this place.
 B = Non-inter-level travel time spent in this place.
 C = Inter-level travel time spent in this place.
 D = Time resting spent in this place.
 E = Time spent auto-exploring this place.
 F = Levels seen in this place.
 G = Mean time per level.
                   A        B        C        D        E       F      G
               +--------+--------+--------+--------+--------+-----+--------+
         Total |   4437 |   4437 |      0 |   1081 |    904 |   4 | 1109.2 |
       Dungeon |   4437 |   4437 |      0 |   1081 |    904 |   4 | 1109.2 |
               +--------+--------+--------+--------+--------+-----+--------+

Top non-repeatable levels by time:
     D:2: 2012 daAuts
     D:1: 1384 daAuts
     D:3: 758 daAuts
     D:4: 281 daAuts
